 Seeded DCSS version 0.29-a0-96-g93358da (webtiles) character file.

Game seed: 5895907642973097868 (custom seed)

305295 skewfiend the Metallomancer (level 22, -16/191 HPs)
             Began as a Formicid Earth Elementalist on Feb 9, 2022.
             Was the Champion of Vehumet.
             Demolished by a vault warden (24 damage)
             ... on level 2 of the Vaults on Feb 12, 2022.
             The game lasted 06:01:48 (58748 turns).

skewfiend the Metallomancer (FoEE)                 Turns: 58748, Time: 06:01:49

Health: -16/191    AC: 22    Str: 19    XL:     22   Next: 6%
Magic:  30/41      EV: 16    Int: 26    God:    Vehumet [******]
Gold:   1904       SH: 12    Dex: 14    Spells: 6/51 levels left

rFire   + + .      SeeInvis +   a - staff of earth
rCold   x . .      Faith    .   p - +0 kite shield
rNeg    + . .      Spirit   .   l - +2 troll leather armour
rPois   +          Reflect  .   (helmet unavailable)
rElec   +          Harm     .   e - +2 cloak of Inquiry {rN+ Regen+}
rCorr   .          Rampage  .   W - +2 pair of gloves "Veolik" {rElec rF++}
Will    ++...                   i - +2 pair of boots
Stlth   +++.......              J - amulet of magic regeneration
HPRegen 2.01/turn               E - +6 ring of strength
MPRegen 0.67/turn               P - ring of Rizyoc {rPois rC- AC+4 Dex+3 Stlth+}

@: marked, frozen, very slow
A: permanent stasis, dig shafts and tunnels, antennae 3, four strong arms,
robust 1, wild magic 1
}: 2/15 runes: barnacled, gossamer
a: Dig, Shaft Self, Renounce Religion


You were on level 2 of the Vaults.
You worshipped Vehumet.
Vehumet was exalted by your worship.
You visited 8 branches of the dungeon, and saw 36 of its levels.
You visited 1 bazaar.

You collected 4591 gold pieces.
You spent 2687 gold pieces at shops.

Inventory:

Hand Weapons
 b - a +2 morningstar of protection
Missiles
 o - 12 javelins
 u - 26 poisoned darts
 A - 933 stones
 H - 11 throwing nets
 M - 60 boomerangs
Armour
 c - the -1 pair of boots "Kaips" {rCorr}
   (You found it on level 14 of the Dungeon)

   rCorr:     It protects you from acid and corrosion.
 e - the +2 cloak of Inquiry (worn) {rN+ Regen+}
   (You acquired it on level 1 of the Lair of Beasts)

   rN:        It protects you from negative energy.
   Regen:     It increases your rate of health regeneration.
 i - a +2 pair of boots (worn)
 l - a +2 troll leather armour (worn)
 p - a +0 kite shield (worn)
 R - a +0 buckler
 W - the +2 pair of gloves "Veolik" (worn) {rElec rF++}
   (You found it on level 5 of the Lair of Beasts)

   rF:        It greatly protects you from fire.
   rElec:     It insulates you from electricity.
Magical Staves
 a - a staff of earth (weapon)
Jewellery
 g - a +4 ring of evasion
 h - a ring of protection from fire
 E - a +6 ring of strength (left hand)
 J - an amulet of magic regeneration (around neck)
 P - the ring of Rizyoc (right hand) {rPois rC- AC+4 Dex+3 Stlth+}
   (You found it on level 10 of the Dungeon)

   [ring of protection]

   AC:        It affects your AC (+4).
   Dex:       It affects your dexterity (+3).
   rC:        It makes you vulnerable to cold.
   rPois:     It protects you from poison.
   Stlth:     It makes you more stealthy.
Wands
 j - a wand of iceblast (20)
 k - a wand of mindburst (11)
 y - a wand of paralysis (4)
 F - a wand of digging (7)
 Z - a wand of charming (6)
Scrolls
 f - a scroll of enchant armour
 n - 7 scrolls of magic mapping
 t - 7 scrolls of noise
 D - 4 scrolls of fear
 I - 3 scrolls of fog
 O - 2 scrolls of holy word
 Q - 3 scrolls of summoning
Potions
 d - 18 potions of curing
 m - 2 potions of ambrosia
 s - 9 potions of heal wounds
 v - 6 potions of flight
 x - 2 potions of invisibility
 B - 3 potions of cancellation
 C - 3 potions of might
 L - 5 potions of brilliance
 S - 3 potions of resistance
 Y - a potion of magic
Miscellaneous
 q - a lightning rod (4/4)
 w - a phantom mirror
 z - a box of beasts
 U - a tin of tremorstones (2/2)


   Skills:
 + Level 14.8 Fighting
 * Level 3.4 Staves
 + Level 12.5 Armour
 + Level 10.8 Dodging
 - Level 2.4 Stealth
 - Level 11.0 Shields
 + Level 15.0 Spellcasting
 * Level 14.4 Conjurations
 - Level 5.0 Summonings
 - Level 3.0 Necromancy
 - Level 4.0 Transmutations
 - Level 8.0 Ice Magic
 * Level 21.5 Earth Magic
 - Level 2.0 Poison Magic
 - Level 7.2 Evocations


You had 6 spell levels left.
You knew the following spells:

 Your Spells              Type           Power      Damage    Failure   Level
a - Sandblast             Erth           100%       2d20      1%          1
b - Frozen Ramparts       Ice            100%       1d12      1%          3
c - Iron Shot             Conj/Erth      60%        9d11      1%          6
d - Mephitic Cloud        Conj/Pois/Air  58%        N/A       1%          3
e - Summon Ice Beast      Ice/Summ       62%        N/A       6%          4
f - Borgnjor's Vile Clut  Necr/Erth      52%        N/A       2%          5
g - Lee's Rapid Deconstr  Erth           65%        3d31*     1%          5
h - Freezing Cloud        Conj/Ice/Air   33%        6-21      3%          5
i - Stone Arrow           Conj/Erth      100%       3d13      1%          3
j - Lehudib's Crystal Sp  Conj/Erth      60%        10d14     9%          8
Z - Passwall              Tmut/Erth      88%        N/A       1%          2

Your spell library contained the following spells:

 Spells                   Type           Power      Damage    Failure   Level
 Shatter                  Erth           65%        3d48*     26%         9
 Chain Lightning          Conj/Air       32%        3d43      100%        9
 Fire Storm               Conj/Fire      32%        8d8       100%        9
 Foxfire                  Conj/Fire      100%       2x1d9     1%          1
 Magic Dart               Conj           100%       1d8       1%          1
 Conjure Flame            Conj/Fire      65%        6-21      1%          3
 Dazzling Flash           Conj/Hex       100%       N/A       1%          3
 Ozocubu's Armour         Ice            68%        N/A       1%          3
 Animate Armour           Summ/Erth      100%       N/A       1%          4
 Flame Wave               Conj/Fire      65%        2d12      1%          4
 Iskenderun's Mystic Bla  Conj/Tloc      65%        2d13      1%          4
 Petrify                  Tmut/Erth      100%       N/A       1%          4
 Call Imp                 Summ           56%        N/A       2%          2
 Poisonous Vapours        Pois/Air       64%        N/A       2%          2
 Sting                    Tmut/Pois      100%       1d8       3%          1
 Ensorcelled Hibernation  Hex/Ice        100%       N/A       3%          2
 Inner Flame              Hex/Fire       25%        N/A       7%          3
 Ice Form                 Ice/Tmut       60%        N/A       8%          4
 Statue Form              Tmut/Erth      70%        N/A       8%          6
 Olgreb's Toxic Radiance  Pois           38%        N/A       9%          4
 Starburst                Conj/Fire      32%        6d10      16%         6
 Gell's Gravitas          Tloc           25%        N/A       24%         3
 Lesser Beckoning         Tloc           25%        N/A       24%         3
 Teleport Other           Tloc           25%        N/A       24%         3
 Blade Hands              Tmut           25%        N/A       38%         5
 Summon Mana Viper        Hex/Summ       42%        N/A       58%         5
 Manifold Assault         Tloc           25%        N/A       88%         5
 Dispersal                Tloc           12%        N/A       100%        6
 Spellforged Servitor     Conj/Summ      37%        N/A       28%         7
 Ozocubu's Refrigeration  Ice            34%        4d11      45%         7
 Polar Vortex             Ice            34%        N/A       100%        9
 Blink                    Tloc           Unusable   N/A       N/A         2
 Swiftness                Air            Unusable   N/A       N/A         3

Dungeon Overview and Level Annotations

Branches:
Dungeon (15/15)            Temple (1/1) D:5            Lair (6/6) D:8
 Shoals (4/4) Lair:4       Spider (4/4) Lair:3        Slime (0/5) Lair:6
    Orc (2/2) D:9             Elf (2/3) Orc:2        Vaults (2/5) D:14
  Crypt (0/3) Vaults:2     Depths (0/4) D:15

Altars:
Ashenzari
Cheibriados
Dithmenos
Elyvilon
Fedhas
Gozag
Hepliaklqana
Kikubaaqudgha
Makhleb
Nemelex Xobeh
Okawaru
Qazlal
Ru
Sif Muna
Trog
Uskayaw
Vehumet
Wu Jian
Xom
Yredelemnul
Zin
The Shining One
Beogh
Jiyva

Shops:
D:4 ?   D:11 ?   D:12 [   D:14 *   Orc:2 :[(*   Shoals:3 *   Vaults:1 *

Portals:
Abyss: D:14
Trove: D:11 (show slimy rune of Zot)


Innate Abilities, Weirdness & Mutations

You cannot be hasted, slowed, berserked, paralysed or teleported.
You can dig through walls and to a lower floor.
You have a pair of large antennae on your head. (SInv)
Your four strong arms can wield two-handed weapons with a shield.
You are robust. (+10% HP)
Your spells are a little harder to cast, but a little more powerful.


Message History

The frost grips you!!
You feel a painful chill!
The vault warden hits you with a +3 long sword of freezing!
The vault warden freezes you.
The yaktaur captain is engulfed in freezing vapours.
The yaktaur captain shoots a bolt.
The bolt closely misses you.
Unknown command.
The ice encasing you melts away.
The vault sentinel is engulfed in freezing vapours.
The ironbound frostheart is engulfed in freezing vapours.
The ironbound frostheart calls freezing cold from the walls.
The frost grips you!
You feel a painful chill!
You are encased in ice.
You block the vault warden's attack.
The yaktaur captain is engulfed in freezing vapours.
The yaktaur captain shoots a bolt.
You block the bolt.
The vault sentinel is engulfed in freezing vapours.
The vault sentinel blows a loud note on a signal horn!
The ironbound frostheart is engulfed in freezing vapours.
The ironbound frostheart calls freezing cold from the walls.
The frost grips you!!!
You feel a painful chill!
* * * LOW HITPOINT WARNING * * *
The yaktaur captain is engulfed in freezing vapours.
The yaktaur captain shoots a bolt.
The bolt misses you.
The ironbound frostheart is engulfed in freezing vapours.
You block the vault warden's attack.
You are too injured to fight recklessly!
Unknown command.
Unknown command.
You feel much better.
The yaktaur captain is engulfed in freezing vapours.
The ironbound frostheart is engulfed in freezing vapours.
You kill the ironbound frostheart!
Vehumet accepts your kill.
You feel your power returning.
The ironbound frostheart is engulfed in freezing vapours.
The ironbound frostheart calls freezing cold from the walls.
The frost grips you!!!
You feel a painful chill!
* * * LOW HITPOINT WARNING * * *
The vault warden hits you with a +3 long sword of freezing!!
You die...

###############
#..§...........
#§ppp..!p......
#§§####''####.. #§c#
...... ########§.#
.......#
#......#..#.k####p.#
+...>..#@p#{. .H#
#......+..#.. .#
#......#..#. .#
#......#..#
#......#..#
#......#..#
#......#...
#......#....
#......#####


You could see a vault warden, a yaktaur captain (strong), an ironbound
frostheart and an ironbound convoker.

Vanquished Creatures
  Rupert (D:13)
  3 krakens
  Frances (Spider:1)
  A tentacled starspawn (D:14)
  An Executioner (D:14)
  A sphinx (Vaults:2)
  Agnes (D:14)
  Roxanne (Spider:1)
  Gastronok (D:9)
  Ilsuiw (Shoals:2)
  4 emperor scorpions
  4 vault wardens
  Aizul (Shoals:1)
  2 orc warlords
  A cacodemon (D:14)
  Louise (D:15)
  A deep elf sorcerer (Elf:1)
  4 ghost moths (Spider:4)
  6 ironbound preservers
  The ghost of Jiecrehi the Severer, a journeyman DDFi of Makhleb (D:15)
  2 broodmothers (Spider:4)
  A very ugly thing (Vaults:1)
  2 deep elf annihilators (Elf:1)
  2 entropy weavers (Spider:2)
  3 spark wasps
  9 dire elephants
  A minotaur (Shoals:2)
  The ghost of Wociock the Destroyer, a journeyman DgWz (D:14)
  6 merfolk javelineers
  6 merfolk impalers
  A great orb of eyes (D:15)
  2 yaktaur captains (Vaults:1)
  A rakshasa (D:14)
  Josephine (D:14)
  8 merfolk avatars
  5 vault guards
  7 boulder beetles
  3 merfolk aquamancers
  4 catoblepae (Lair:6)
  8 hydras
  Erica (Orc:1)
  3 centaur warriors
  2 jorogumos
  An alligator snapping turtle (Shoals:2)
  3 ironbound frosthearts
  2 radroaches (Spider:4)
  3 death yaks (Lair:6)
  4 satyrs
  5 two-headed ogres
  A tengu warrior (D:15)
  29 dancing weapons
  A two-headed ogre (shapeshifter) (D:13)
  An orc high priest (Orc:2)
  10 deep elf knights
  5 sun moths
  5 pharaoh ants
  A glowing orange brain (Vaults:1)
  7 steelbarb worms
  10 sea snakes
  21 deep trolls
  7 deep elf archers
  14 orb spiders
  6 lindwurms
  5 wizards
  17 harpies
  9 ironbound convokers
  20 deep elf zephyrmancers
  6 orc sorcerers
  24 deep elf pyromancers
  2 necromancers (Vaults:2)
  30 ugly things
  5 orc knights
  An oklob plant (D:6)
  13 wolf spiders
  A worldbinder (D:14)
  A moth of wrath (Spider:4)
  5 cyclopes
  18 manticores
  16 fauns
  15 elephants
  2 ice statues
  A guardian serpent (shapeshifter) (D:15)
  15 vault sentinels
  6 black mambas
  7 water nymphs
  13 merfolk sirens
  2 torpor snails
  14 cane toads
  An elf skeleton (Vaults:2)
  Maggie (D:7)
  2 gargoyles
  9 demonic crawlers
  A kobold demonologist (D:12)
  12 rime drakes
  A hellion (D:14)
  2 tengu conjurers
  7 ice devils (D:11)
  12 komodo dragons
  10 yaktaurs (Vaults:1)
  2 trolls
  21 meliai
  36 merfolk
  Grinder (D:3)
  A hornet (D:7)
  28 tarantellas
  A tarantella (shapeshifter) (Elf:1)
  A hornet (shapeshifter) (D:15)
  7 wind drakes
  15 blink frogs
  20 slime creatures
  15 snapping turtles
  10 dream sheep
  An ettin zombie (Vaults:2)
  20 culicivoras
  2 air elementals (Elf:1)
  18 jumping spiders
  A centaur simulacrum (D:14)
  6 wraiths
  16 water elementals
  2 shadows
  A vampire (D:14)
  13 humans
  7 basilisks
  A wyvern (D:9)
  24 yaks
  An elf zombie (Vaults:2)
  3 steam dragons
  3 fire elementals
  62 redbacks
  A basilisk (shapeshifter) (D:14)
  17 vampire mosquitoes
  15 water moccasins
  2 acid dragons
  2 black bears
  32 orc warriors
  An ice beast (D:7)
  A swamp drake (D:9)
  A human zombie (Vaults:2)
  8 ogres
  A necrophage (D:5)
  A human skeleton (Vaults:2)
  10 centaurs
  2 phantoms (D:5)
  20 wolves
  A kobold brigand (D:9)
  15 bullfrogs
  Blork the orc (Orc:2)
  A gnoll sergeant (D:6)
  3 earth elementals
  3 scorpions
  A wyvern skeleton (D:5)
  A water moccasin skeleton (D:3)
  8 wights
  13 killer bees
  5 howler monkeys
  6 nameless horrors
  5 bullfrog zombies
  12 electric eels
  5 centaur zombies
  A centaur skeleton (D:7)
  17 jellies
  17 orc priests
  2 hounds
  Terence (D:2)
  Crazy Yiuf (D:4)
  A scorpion zombie (D:5)
  An iguana (D:5)
  25 orc wizards
  A hound skeleton (D:4)
  2 howler monkey zombies
  A howler monkey skeleton (D:6)
  15 gnolls
  8 adders
  A shadow imp (D:7)
  A white imp (D:7)
  5 ufetubi (D:11)
  3 worms
  3 dart slugs (D:1)
  101 orcs
  23 endoplasms
  5 giant cockroaches
  11 hobgoblins
  14 kobolds
  2 quokkas
  8 ball pythons
  8 bats
  5 frilled lizards
  6 goblins
  3 rats
  A spectral orc (D:8)
  A starspawn tentacle (D:14)
  8 tentacles
1393 creatures vanquished.

Vanquished Creatures (collateral kills)
  2 hydras (Lair:6)
  A boulder beetle (D:11)
  A merfolk avatar (Shoals:4)
  An orc high priest (Orc:1)
  2 sea snakes
  An orc knight (Orc:2)
  A deep elf zephyrmancer (Elf:1)
  2 harpies (Shoals:4)
  A wolf spider (Spider:3)
  3 elephants
  2 merfolk sirens (Lair:4)
  3 cane toads
  A troll (D:11)
  A merfolk (Lair:4)
  A tarantella (Spider:4)
  A polar bear (Lair:4)
  A dream sheep (Lair:6)
  3 blink frogs
  3 slime creatures (D:14)
  A wyvern (Lair:6)
  3 humans
  4 yaks
  A basilisk (Lair:6)
  A vampire mosquito (D:14)
  A warg (Orc:1)
  3 redbacks
  3 water moccasins
  3 orc warriors
  An ogre (Orc:2)
  4 wolves
  A centaur (D:12)
  3 bullfrogs (Lair:4)
  2 orc priests (Orc:2)
62 creatures vanquished.

Vanquished Creatures (others)
  A satyr (Shoals:4)
  A sun moth (Spider:4)
  A deep elf archer (Elf:2)
  2 deep elf zephyrmancers (Elf:1)
  2 fauns (Shoals:4)
  A manticore (Shoals:2)
  2 merfolk (Shoals:4)
  A snapping turtle (Shoals:4)
  2 bushes (Lair:6)
  44 fungi
  135 plants
  6 starspawn tentacles (D:14)
  27 tentacles
225 creatures vanquished.

Grand Total: 1680 creatures vanquished

Notes
Turn   | Place    | Note
-------+----------+-------------------------------------------
     0 | D:1      | skewfiend the Formicid Earth Elementalist began the quest
                  | for the Orb.
     0 | D:1      | Reached XP level 1. HP: 13/13 MP: 3/3
   362 | D:1      | Reached XP level 2. HP: 20/20 MP: 3/5
   394 | D:1      | Reached skill level 4 in Earth Magic
   696 | D:1      | Reached skill level 1 in Fighting
   866 | D:1      | Reached XP level 3. HP: 26/26 MP: 3/6
   872 | D:1      | Learned a level 2 spell: Passwall
   936 | D:1      | Learned a level 3 spell: Stone Arrow
  1836 | D:2      | Reached XP level 4. HP: 29/32 MP: 3/8
  1990 | D:2      | You fall into a shaft and drop 2 floors!
  2045 | D:4      | Reached skill level 1 in Conjurations
  2393 | D:3      | Found a large runed translucent door.
  2394 | D:3      | Found a large runed translucent door.
  2581 | D:3      | Noticed Grinder
  2634 | D:3      | Killed Grinder
  2635 | D:3      | Reached skill level 5 in Earth Magic
  2635 | D:3      | Reached XP level 5. HP: 18/39 MP: 0/9
  2635 | D:3      | Reached XP level 6. HP: 21/46 MP: 0/10
  2829 | D:3      | Reached skill level 6 in Earth Magic
  3300 | D:2      | Noticed Terence
  3303 | D:2      | Killed Terence
  3304 | D:2      | Reached XP level 7. HP: 51/51 MP: 5/12
  3584 | D:2      | Found a faded altar of an unknown god.
  3818 | D:3      | Found a sacrificial altar of Ru.
  3892 | D:3      | Found a shimmering altar of Xom.
  4450 | D:4      | Found Lojakij's Magic Scroll Emporium.
  4462 | D:4      | Bought a scroll of identify for 26 gold pieces
  4462 | D:4      | Bought a scroll of identify for 26 gold pieces
  4563 | D:4      | Found an iron altar of Okawaru.
  5164 | D:4      | Found a runed translucent door.
  5165 | D:4      | Noticed Crazy Yiuf
  5464 | D:4      | Killed Crazy Yiuf
  5465 | D:4      | Reached skill level 7 in Earth Magic
  5465 | D:4      | Reached XP level 8. HP: 39/58 MP: 5/14
  5470 | D:4      | Learned a level 4 spell: Petrify
  5580 | D:5      | Entered Level 5 of the Dungeon
  6479 | D:5      | Reached skill level 8 in Earth Magic
  6480 | D:5      | Reached skill level 5 in Conjurations
  6556 | D:5      | Noticed a yak
  6796 | D:5      | Reached XP level 9. HP: 66/66 MP: 9/16
  7107 | D:5      | Found a staircase to the Ecumenical Temple.
  7124 | Temple   | Entered the Ecumenical Temple
  7322 | D:5      | Found a white marble altar of Elyvilon.
  7334 | D:5      | Found a sparkling altar of Nemelex Xobeh.
  7720 | D:6      | Reached skill level 5 in Spellcasting
  8107 | D:6      | Noticed an oklob plant
  8119 | D:6      | Reached skill level 9 in Earth Magic
  8125 | D:6      | Reached skill level 5 in Fighting
  8971 | D:6      | Killed an oklob plant
  9413 | D:6      | Found a stormy altar of Qazlal.
  9713 | D:7      | Reached XP level 10. HP: 67/74 MP: 14/18
  9764 | D:7      | Found a large runed translucent door.
  9764 | D:7      | Found a large runed translucent door.
 10216 | D:7      | Reached skill level 10 in Earth Magic
 10664 | D:7      | Noticed Maggie
 10671 | D:7      | Killed Maggie
 11004 | D:7      | Noticed an ice statue
 11221 | D:7      | Found a hide-covered altar of Uskayaw.
 11908 | D:8      | Found a staircase to the Lair.
 12062 | D:8      | Found a viscous altar of Jiyva.
 12650 | D:8      | Found a hazy altar of Hepliaklqana.
 13000 | D:9      | Reached skill level 11 in Earth Magic
 13079 | D:9      | Found a staircase to the Orcish Mines.
 13131 | D:9      | Reached XP level 11. HP: 42/83 MP: 7/20
 13566 | D:9      | Noticed a two-headed ogre
 13580 | D:9      | Killed a two-headed ogre
 13644 | D:9      | Noticed Gastronok
 13706 | D:9      | Killed Gastronok
 13707 | D:9      | Reached skill level 12 in Earth Magic
 13874 | D:9      | Identified the +6 dagger of Anguish {vamp, rF- rC++ Str+5}
 14175 | D:9      | Found a runed translucent door.
 14184 | D:9      | Noticed a cyclops
 14499 | D:10     | Entered Level 10 of the Dungeon
 14618 | D:10     | Found a radiant altar of Vehumet.
 14629 | D:10     | Became a worshipper of Vehumet
 14637 | D:10     | Got the Catalogue of the Frostbite
 14642 | D:10     | Learned a level 3 spell: Frozen Ramparts
 14651 | D:10     | Identified the ring of Rizyoc {rPois rC- AC+4 Dex+3 Stlth+}
 14917 | D:10     | Reached skill level 1 in Ice Magic
 15038 | Lair:1   | Entered Level 1 of the Lair of Beasts
 15076 | Lair:1   | Reached * piety under Vehumet
 15076 | Lair:1   | Offered knowledge of Freeze by Vehumet.
 15637 | Lair:1   | Reached XP level 12. HP: 87/92 MP: 13/23
 15924 | Lair:1   | Reached skill level 13 in Earth Magic
 16528 | Lair:2   | Learned a level 4 spell: Summon Ice Beast
 16690 | Lair:2   | Reached skill level 1 in Summonings
 17151 | Lair:2   | Reached skill level 5 in Ice Magic
 17304 | Lair:2   | Offered knowledge of Shock by Vehumet.
 17352 | Lair:2   | Reached ** piety under Vehumet
 18274 | Lair:3   | Reached skill level 14 in Earth Magic
 18304 | Lair:3   | Found a hole to the Spider Nest.
 18583 | Lair:3   | Reached XP level 13. HP: 40/100 MP: 0/25
 19537 | Lair:4   | Noticed a five-headed hydra
 19548 | Lair:4   | Killed a five-headed hydra
 19799 | Lair:4   | Offered knowledge of Mephitic Cloud by Vehumet.
 19801 | Lair:4   | Found a staircase to the Shoals.
 19986 | Lair:4   | Noticed a six-headed hydra
 19997 | Lair:4   | Learned a level 3 spell: Mephitic Cloud
 20022 | Lair:4   | Killed a six-headed hydra
 20023 | Lair:4   | Reached skill level 15 in Earth Magic
 20023 | Lair:4   | Reached skill level 1 in Poison Magic
 20221 | Lair:4   | Reached *** piety under Vehumet
 20873 | Lair:4   | Reached skill level 1 in Armour
 22189 | Lair:5   | Identified the +2 pair of gloves "Veolik" {rElec rF++}
 22224 | Lair:5   | Offered knowledge of Dazzling Flash by Vehumet.
 23090 | Lair:6   | Entered Level 6 of the Lair of Beasts
 23090 | Lair:6   | Noticed a four-headed hydra
 23159 | Lair:6   | Reached XP level 14. HP: 104/109 MP: 12/27
 23176 | Lair:6   | Reached skill level 10 in Fighting
 23328 | Lair:6   | Found a viscous altar of Jiyva.
 23328 | Lair:6   | Found a staircase to the Slime Pits.
 23400 | Lair:6   | Reached **** piety under Vehumet
 23552 | Lair:6   | Offered knowledge of Lee's Rapid Deconstruction by Vehumet.
 23559 | Lair:6   | Learned a level 5 spell: Lee's Rapid Deconstruction
 24065 | Lair:6   | Reached skill level 10 in Spellcasting
 24306 | Lair:6   | Reached skill level 5 in Summonings
 24569 | Lair:6   | Reached skill level 5 in Armour
 25116 | Lair:6   | Reached ***** piety under Vehumet
 25116 | Lair:6   | Offered knowledge of Hailstorm by Vehumet.
 25220 | Lair:6   | Reached skill level 5 in Dodging
 26155 | Lair:6   | Reached XP level 15. HP: 111/117 MP: 25/29
 26603 | Lair:1   | Identified a scroll of acquirement
 26605 | Lair:1   | Acquired the +2 cloak of Inquiry {rN+ Regen+}
 27095 | D:7      | Found a burning altar of Makhleb.
 27101 | D:7      | Found an opulent altar of Gozag.
 27213 | D:4      | Bought a scroll of enchant armour for 97 gold pieces
 27213 | D:4      | Bought a scroll of enchant armour for 97 gold pieces
 27339 | Orc:1    | Entered Level 1 of the Orcish Mines
 27392 | Orc:1    | Noticed Erica
 27397 | Orc:1    | Killed Erica
 27398 | Orc:1    | Reached skill level 16 in Earth Magic
 28690 | D:10     | Identified the +8 dagger of Strategic Superiority {venom,
                  | rElec Will+ MP+9}
 29681 | D:11     | Upgraded the game from 0.29-a0-92-gee772dd to
                  | 0.29-a0-96-g93358da
 29965 | D:11     | Found a portal to a secret trove of treasure.
 30702 | D:11     | Found Duodgh's Magic Scroll Shop.
 30705 | D:11     | Bought a scroll of identify for 34 gold pieces
 30706 | D:11     | Bought a scroll of acquirement for 884 gold pieces
 30707 | D:11     | Acquired 782 gold pieces
 30935 | D:11     | Reached skill level 1 in Shields
 32240 | D:12     | Found Jybur's Antique Armour Emporium.
 33455 | D:14     | Noticed Rupert
 33455 | D:14     | Found a gate to the Vaults.
 33610 | Orc:2    | Entered Level 2 of the Orcish Mines
 33610 | Orc:2    | Found a staircase to the Elven Halls.
 33614 | Orc:2    | Offered knowledge of Freezing Cloud by Vehumet.
 33724 | Orc:2    | Learned a level 5 spell: Freezing Cloud
 33758 | Orc:2    | Noticed an orc warlord
 33778 | Orc:2    | Killed an orc warlord
 34139 | Orc:2    | Reached skill level 5 in Shields
 34171 | Orc:2    | Noticed Blork the orc
 34180 | Orc:2    | Killed Blork the orc
 34302 | Orc:2    | Found Yjamol's Antique Weapon Boutique.
 34390 | Orc:2    | Found Yfoav's Antique Armour Boutique.
 34409 | Orc:2    | Found Nyocs's General Store.
 34419 | Orc:2    | Bought a potion of curing for 54 gold pieces
 34656 | Orc:2    | Gained mutation: You sometimes lose the ability to read
                  | scrolls when taking damage. [a neqoxec]
 34659 | Orc:2    | Lost mutation: You sometimes lose the ability to read
                  | scrolls when taking damage. [potion of mutation]
 34659 | Orc:2    | Gained mutation: You are robust. (+10% HP) [potion of
                  | mutation]
 34659 | Orc:2    | Gained mutation: Your spells are a little harder to cast,
                  | but a little more powerful. [potion of mutation]
 34675 | Orc:2    | Found Votwol's Book Boutique.
 34681 | Orc:2    | Bought Ozocubu's Autobiography for 240 gold pieces
 34681 | Orc:2    | Bought a book of Iron for 360 gold pieces
 34688 | Orc:2    | Learned a level 6 spell: Iron Shot
 34815 | Elf:1    | Entered Level 1 of the Elven Halls
 34815 | Elf:1    | Found a runed translucent gate.
 34815 | Elf:1    | Found a runed translucent gate.
 34815 | Elf:1    | Found a runed translucent gate.
 34815 | Elf:1    | Found a runed translucent gate.
 34815 | Elf:1    | Found a runed translucent gate.
 34815 | Elf:1    | Found a runed translucent gate.
 34816 | Elf:1    | Found a runed translucent door.
 34822 | Elf:1    | Reached XP level 16. HP: 138/138 MP: 29/32
 34898 | Elf:1    | Found a runed translucent door.
 35249 | Elf:1    | Offered knowledge of Spellforged Servitor by Vehumet.
 36175 | D:13     | Killed Rupert
 36375 | D:14     | Reached skill level 17 in Earth Magic
 37190 | D:14     | Noticed Agnes
 37230 | D:14     | Noticed a tentacled starspawn
 37240 | D:14     | Found a transporter.
 37244 | D:14     | Found a one-way gate to the infinite horrors of the Abyss.
 37244 | D:14     | Noticed Wociock's ghost (journeyman DgWz)
 37246 | D:14     | Found a transporter.
 37253 | D:14     | Noticed an Executioner
 37323 | D:14     | Noticed Josephine
 37326 | D:14     | Killed Josephine
 37515 | D:14     | Found Nosoresapt's Pet Rocks.
 37560 | D:14     | Bought Roxanne's Tome of Earth for 286 gold pieces
 37631 | D:14     | Killed Agnes
 37955 | Spider:1 | Entered Level 1 of the Spider Nest
 37971 | Spider:1 | Offered knowledge of Starburst by Vehumet.
 38084 | Spider:1 | Identified Roxanne's Catalogue of the Mountains
 38084 | Spider:1 | Noticed Roxanne
 38088 | Spider:1 | Killed Roxanne
 38089 | Spider:1 | Reached XP level 17. HP: 146/146 MP: 18/33
 38113 | Spider:1 | Learned a level 5 spell: Borgnjor's Vile Clutch
 38216 | Spider:1 | Noticed Frances
 38225 | Spider:1 | Killed Frances
 38234 | Spider:1 | Reached skill level 10 in Conjurations
 38883 | Spider:1 | Reached skill level 1 in Necromancy
 39716 | Spider:1 | Offered knowledge of Iskenderun's Battlesphere by Vehumet.
 39963 | D:11     | Bought a scroll of amnesia for 59 gold pieces
 39963 | D:11     | Bought a scroll of fear for 59 gold pieces
 41672 | Spider:2 | Reached skill level 18 in Earth Magic
 42607 | Spider:3 | Offered knowledge of Lightning Bolt by Vehumet.
 42614 | Spider:3 | Reached XP level 18. HP: 155/155 MP: 12/35
 43024 | Spider:4 | Entered Level 4 of the Spider Nest
 43035 | Spider:4 | Reached skill level 10 in Shields
 45036 | Spider:4 | Reached skill level 10 in Armour
 45357 | Spider:4 | Got a gossamer rune of Zot
 45789 | Shoals:1 | Entered Level 1 of the Shoals
 45938 | Shoals:1 | Noticed Aizul
 45955 | Shoals:1 | Killed Aizul
 45955 | Shoals:1 | Offered knowledge of Conjure Ball Lightning by Vehumet.
 46064 | Shoals:1 | Reached skill level 1 in Evocations
 46912 | Shoals:2 | Reached skill level 19 in Earth Magic
 46912 | Shoals:2 | Reached XP level 19. HP: 126/163 MP: 13/36
 47337 | Shoals:2 | Learned a level 8 spell: Lehudib's Crystal Spear
 47403 | Shoals:2 | Noticed Ilsuiw
 47412 | Shoals:2 | Killed Ilsuiw
 47640 | Shoals:2 | Identified the +5 fustibalus of Awkwardness {flame, rC-
                  | rCorr Str-4 Dex+8}
 47779 | Shoals:2 | Found a hide-covered altar of Uskayaw.
 48529 | Shoals:3 | Found Goggos's Overcharged Wands.
 49508 | Shoals:4 | Entered Level 4 of the Shoals
 49704 | Shoals:4 | Reached ****** piety under Vehumet
 49711 | Shoals:4 | Found a flickering gateway to a bazaar.
 49721 | Bazaar   | Entered a bazaar
 49721 | Bazaar   | Found Falleps's Assorted Antiques.
 49721 | Bazaar   | Found Hosuogi's Antique Armour Emporium.
 49819 | Bazaar   | Bought a potion of heal wounds for 185 gold pieces
 49833 | Bazaar   | Found Qawk's Assorted Antiques.
 49842 | Bazaar   | Found Xuudd's Antique Weapon Boutique.
 49851 | Bazaar   | Found Doeseadi's Distillery.
 49860 | Bazaar   | Bought 2 potions of resistance for 200 gold pieces
 49860 | Bazaar   | Bought a potion of heal wounds for 50 gold pieces
 49860 | Bazaar   | Bought a potion of curing for 30 gold pieces
 49884 | Shoals:4 | Offered knowledge of Fire Storm by Vehumet.
 49884 | Shoals:4 | Offered knowledge of Shatter by Vehumet.
 49884 | Shoals:4 | Offered knowledge of Chain Lightning by Vehumet.
 50415 | Shoals:4 | Reached XP level 20. HP: 114/173 MP: 24/38
 50500 | Shoals:4 | Got a barnacled rune of Zot
 50923 | Shoals:4 | Reached skill level 20 in Earth Magic
 51258 | Shoals:4 | Identified the +6 spear of Humamamp {freeze, rPois rC- rN+
                  | Str+5}
 51571 | D:15     | Entered Level 15 of the Dungeon
 51592 | D:15     | Reached skill level 5 in Evocations
 51701 | D:15     | Found a runed translucent gate.
 51701 | D:15     | Found a runed translucent gate.
 51701 | D:15     | Found a runed translucent gate.
 51702 | D:15     | Noticed Jiecrehi's ghost (journeyman DDFi)
 51718 | D:15     | Killed Jiecrehi's ghost
 51735 | D:15     | Identified the ring of Happiness {rPois Will- MP+9 Str+4}
 52951 | Elf:1    | Identified the +6 rapier "Loes" {holy, rElec Will+ Dex-2}
 53273 | Elf:1    | Got the Disquisition on Creation
 54049 | Elf:2    | Reached skill level 10 in Dodging
 54089 | Elf:2    | Found a radiant altar of Vehumet.
 54316 | Elf:2    | Found a runed translucent gate.
 54316 | Elf:2    | Found a runed translucent gate.
 54316 | Elf:2    | Found a runed translucent gate.
 55900 | D:15     | Noticed Louise
 55918 | D:15     | Killed Louise
 55919 | D:15     | Reached XP level 21. HP: 181/181 MP: 11/39
 56246 | D:15     | Found a staircase to the Depths.
 56426 | D:14     | Killed Wociock's ghost
 56512 | D:14     | Identified the -1 pair of boots "Kaips" {rCorr}
 56542 | Vaults:1 | Entered Level 1 of the Vaults
 57396 | Vaults:1 | Found Xeagi's Assorted Antiques.
 57484 | Vaults:1 | Reached skill level 21 in Earth Magic
 57833 | Vaults:1 | Reached skill level 1 in Staves
 58293 | Vaults:2 | Reached skill level 15 in Spellcasting
 58702 | Vaults:2 | Found a staircase to the Crypt.
 58720 | Vaults:2 | Reached XP level 22. HP: 186/191 MP: 37/41
 58748 | Vaults:2 | HP: 8/191 [ironbound frostheart/creeping frost (39)]
 58748 | Vaults:2 | Demolished by a vault warden

Illustrated notes

Levels and vault maps discovered:
D:1:      lemuel_arrival_cross, layout_basic, minivault_4
D:2:      layout_basic, chequers_ecumenical_altar_simple_redux, uniq_terence
D:3:      due_chaos_kobolds, layout_basic, mainiacjoe_overflow_paths,
          nrook_mini_vaults, minmay_misc_feat_diagonals,
          nicolae_figureground_sparkle, uniq_grinder
D:4:      nicolae_cairo_tiling, layout_rooms, okawaru_altar_gauntlet_db,
          serial_shops, shop, hex_large, grunt_decor_clamped,
          guppyfry_early_orc_mine, uniq_crazy_yiuf_cottage
D:5:      layout_basic, mainiacjoe_overflow_big_doors,
          minmay_temple_entry_poolview, serial_bayou, serial_bayou_pond_b,
          serial_bayou_lagoon_a, serial_bayou_pond_e, serial_bayou_pond_a,
          serial_bayou_lake_a, serial_bayou_pond_d, chequers_avenue,
          serial_park_tiny_pond
D:6:      lemuel_slime, layout_gridville, grunt_qazlal_clouds,
          minmay_crystal_room
D:7:      lemuel_ice_statue, layout_cave_pods, kennysheep_mini_moat,
          jmf_multi_god_temple2, uniq_maggie
D:8:      layout_basic, nicolae_hepliaklqana_monster_ancestors,
          lair_entry_dummy, jiyva_altar_1
D:9:      layout_basic, erik_orc_1, minmay_st_funbox, uniq_gastronok
D:10:     layout_loops_ring, mainiacjoe_overflow_chevrons, special_room
          [special_room_orc]
D:11:     cheibrodos_frozen_isle, layout_basic, nicolae_trove_entry_isolated,
          serial_shops, kennysheep_mini
D:12:     layout_irregular_city, serial_shops, nicolae_shop_advertising_works
          [nicolae_subvault_shop_adworks], chequers_serial_rivers_micro_b
D:13:     layout_loops_ring
D:14:     layout_basic, david_vaults_3, chequers_serial_rivers_micro_a,
          gammafunk_ghost_abyssal_escape, guppyfry_shop_earth, uniq_agnes,
          uniq_josephine
D:15:     hangedman_depths_entry_try_elsewhere_first, layout_loops_corners,
          ebering_ghost_rock_garden, uniq_louise
Temple:   minmay_temple_bridge_abc
Lair:1:   layout_misc_corridors, grunt_megastairs_2
Lair:2:   layout_misc_corridors
Lair:3:   layout_gridlike, spider_nest_entry_webs, lemuel_fruit_fields
Lair:4:   layout_hall_layers, elwin_shoals_entry_stream, lemuel_fruit_tree
Lair:5:   layout_hall_layers, infiniplex_staircase_pool_2
Lair:6:   hangedman_lair_in_review, layout_gridlike, slime_altar_1
Shoals:1: layout_shoals, uniq_aizul
Shoals:2: layout_shoals, regret_index_shoals_crete, uniq_ilsuiw
Shoals:3: layout_shoals, nicolae_shoals_circle_sea_wall,
          nicolae_shoals_lost_giant_hut, nicolae_shop_overcharged_wands
Shoals:4: shoals_end_hangedman, layout_shoals, serial_shops, bzr_firewalk,
          nicolae_shoals_drake_roost
Spider:1: layout_cave_pods, drop_trap, uniq_roxanne, uniq_frances
Spider:2: layout_cave_pods, nicolae_spider_orb_run
Spider:3: layout_spider_delve
Spider:4: guppyfry_spider_rune, nicolae_spider_webbed_stairs
Orc:1:    layout_caves, statue_in_the_mist_lemuel, bh_open_orc_temple,
          uniq_erica
Orc:2:    grunt_orc_cross, layout_caves
Elf:1:    nicolae_elf_arrival_dilemma, layout_loops_cross,
          minmay_elf_demonology, minmay_checkered_concentric_circles
Elf:2:    nicolae_elf_blades_splatter_lattice [nicolae_blade_little_rooms],
          layout_geoelf_diagonals, lemuel_upstairs_altar
Vaults:1: hangedman_vaults_restitches, ontoclasm_vaults_twist,
          vaults_room_mumra_shop_pool, ontoclasm_vaults_misaligned,
          nicolae_vaults_angled_halls, nicolae_vaults_ring_of_whatevers,
          v_misc_22, vaults_dpeg_diagonal, nicolae_vaults_little_squares_1,
          v_misc_11, vaults_mumra_hex, layout_vaults_omnigrid
Vaults:2: hangedman_vaults_capsules, v_misc_3, v_misc_2,
          nicolae_vaults_disjoint_gnomons, nicolae_vaults_what_the_h,
          nicolae_vaults_big_ls, hangedman_vaults_impose,
          nicolae_vaults_ring_of_whatevers, st_squares,
          ontoclasm_vaults_shuriken, ontoclasm_vaults_pinch, v_misc_13,
          nicolae_vaults_little_squares_4, vaults_room_pool,
          nicolae_vaults_specimen_jars, layout_vaults_ring

Skill      XL: |  1  2  3  4  5  6  7  8  9 10 11 12 13 14 15 16 17 18 19 20 21 |
---------------+----------------------------------------------------------------+-----
Earth Magic    | 4 5 6 7 8 9 11 12 14 15 16 17 18 19 20 21 | 21.5
Fighting       | 1 2 3 4 5 6 7 8 9 10 11 12 13 14 | 14.8
Conjurations   | 2 3 5 6 7 9 10 11 12 13 14 | 14.4
Spellcasting   | 3 4 5 6 7 8 9 10 12 13 14 15 | 15.0
Transmutations | 4 |  4.0
Ice Magic      | 2 6 7 8 |  8.0
Summonings     | 3 4 5 |  5.0
Poison Magic   | 2 |  2.0
Dodging        | 3 5 6 7 8 9 10 | 10.8
Armour         | 2 6 7 8 9 10 11 12 | 12.5
Shields        | 5 8 9 11 | 11.0
Necromancy     | 3 |  3.0
Evocations     | 2 4 6 7 |  7.2
Staves         | 3 |  3.4
Stealth        | |  2.4

Action                   |  1- 3 |  4- 6 |  7- 9 | 10-12 | 13-15 | 16-18 | 19-21 | 22-24 || total
-------------------------+-------+-------+-------+-------+-------+-------+-------+-------++-------
Melee: Unarmed           |     5 |       |       |       |       |       |       |       ||     5
       Dagger            |    62 |    82 |    20 |   124 |   336 |   107 |       |       ||   731
       Punch             |     2 |     1 |     3 |     3 |     5 |       |     1 |       ||    15
       Mace              |       |     9 |     4 |       |       |       |       |       ||    13
       Trident           |       |       |    99 |    47 |     6 |       |       |       ||   152
       Quarterstaff      |       |       |    33 |    52 |       |       |       |       ||    85
       Staff             |       |       |       |       |     4 |   232 |   387 |     1 ||   624
       Scimitar          |       |       |       |       |       |     2 |       |       ||     2
Throw: Javelin           |       |     2 |       |       |     3 |     2 |     2 |       ||     9
       Dart              |       |       |       |     8 |    12 |     5 |     2 |       ||    27
       Boomerang         |       |       |       |       |     3 |     2 |       |       ||     5
 Cast: Sandblast         |    12 |    16 |    91 |    97 |   110 |   150 |    77 |       ||   553
       Stone Arrow       |     5 |     9 |    63 |   131 |   185 |     9 |     5 |       ||   407
       Petrify           |       |       |    10 |     5 |    12 |     4 |       |       ||    31
       Frozen Ramparts   |       |       |       |    32 |    88 |    54 |    15 |       ||   189
       Summon Ice Beast  |       |       |       |     6 |    78 |    20 |     5 |       ||   109
       Mephitic Cloud    |       |       |       |       |    35 |     7 |     6 |       ||    48
       Lee's Rapid Decon |       |       |       |       |    68 |    89 |    91 |     5 ||   253
       Freezing Cloud    |       |       |       |       |     7 |     8 |    24 |     1 ||    40
       Iron Shot         |       |       |       |       |       |   141 |   114 |     1 ||   256
       Borgnjor's Vile C |       |       |       |       |       |    60 |   123 |     1 ||   184
       Lehudib's Crystal |       |       |       |       |       |       |    16 |       ||    16
 Abil: Dig               |       |       |       |       |     3 |     1 |     2 |       ||     6
Evoke: Wand              |       |       |     2 |       |    10 |     6 |     6 |       ||    24
       Box of beasts     |       |       |       |       |     1 |     1 |       |       ||     2
       Tin of tremorston |       |       |       |       |       |     2 |       |       ||     2
  Use: Potion            |     1 |     5 |       |     1 |     4 |     8 |     3 |     1 ||    23
       Scroll            |     1 |       |     9 |     7 |     9 |     2 |     1 |       ||    29
 Stab: Sleeping          |     6 |     3 |     4 |     2 |     2 |     1 |     4 |       ||    22
       Petrified         |       |       |     9 |    17 |     4 |    11 |       |       ||    41
       Distracted        |       |       |       |     1 |     2 |     1 |       |       ||     4
       Petrifying        |       |       |       |     1 |       |       |       |       ||     1
       Confused          |       |       |       |       |     8 |     1 |     2 |       ||    11
       Invisible         |       |       |       |       |       |     1 |       |       ||     1
Armor: Robe              |    26 |    27 |    36 |    11 |       |       |       |       ||   100
       Skin              |       |     2 |       |       |       |       |       |       ||     2
       Steam dragon scal |       |       |       |    89 |   149 |       |       |       ||   238
       Troll leather arm |       |       |       |       |    48 |   310 |   213 |     3 ||   574
Dodge: Dodged            |    41 |    48 |    86 |   186 |   240 |   276 |   285 |     5 ||  1167
Block: Other             |       |    29 |    33 |    77 |    74 |       |     7 |       ||   220
       Reflection        |       |       |     2 |     4 |     8 |    28 |    45 |       ||    87
       Tower shield      |       |       |       |       |    81 |   819 |       |       ||   900
       Kite shield       |       |       |       |       |       |       |   466 |     4 ||   470

Table legend: (Time is in decaauts)
 A = Elapsed time spent in this place.
 B = Non-inter-level travel time spent in this place.
 C = Inter-level travel time spent in this place.
 D = Time resting spent in this place.
 E = Time spent auto-exploring this place.
 F = Levels seen in this place.
 G = Mean time per level.
                   A        B        C        D        E       F      G
               +--------+--------+--------+--------+--------+-----+--------+
         Total |  59673 |  53213 |   6460 |   2297 |  39274 |  37 | 1612.8 |
       Dungeon |  25340 |  21933 |   3407 |   1214 |  16455 |  15 | 1689.3 |
        Temple |    124 |    117 |      7 |      0 |    112 |   1 |  124.0 |
          Lair |  12623 |  11338 |   1285 |    234 |   9271 |   6 | 2103.8 |
        Shoals |   5818 |   5259 |    559 |     66 |   3562 |   4 | 1454.5 |
   Spider Nest |   7209 |   6589 |    620 |    674 |   4509 |   4 | 1802.2 |
  Orcish Mines |   2379 |   2194 |    185 |     74 |   1362 |   2 | 1189.5 |
   Elven Halls |   3795 |   3538 |    257 |     26 |   2479 |   2 | 1897.5 |
        Vaults |   2225 |   2088 |    137 |      8 |   1388 |   2 | 1112.5 |
        Bazaar |    155 |    155 |      0 |      0 |    135 |   1 |  155.0 |
               +--------+--------+--------+--------+--------+-----+--------+

Top non-repeatable levels by time:
  Lair:6: 3357 daAuts
    D:11: 2644 daAuts
     D:9: 2380 daAuts
     D:6: 2340 daAuts
  Lair:4: 2195 daAuts
Spider:4: 2164 daAuts
Spider:1: 2112 daAuts
     D:7: 2072 daAuts
   Elf:2: 1911 daAuts
   Elf:1: 1883 daAuts
     D:5: 1854 daAuts
Spider:2: 1845 daAuts
Shoals:4: 1831 daAuts
    D:14: 1801 daAuts
  Lair:1: 1797 daAuts
